 Dungeon Crawl Stone Soup version 0.30-a0-1103-g25895a7845 (webtiles) character file.

Game seed: 8928550666981927518

20 BlueFish the Grasshopper (level 2, 0/28 HPs)
             Began as an Octopode Warper on Apr 18, 2023.
             Slain by a bat (1 damage)
             ... on level 1 of the Dungeon.
             The game lasted 00:01:19 (630 turns).

BlueFish the Grasshopper (Octopode Warper)           Turns: 630, Time: 00:01:20

Health: 0/28       AC: 21    Str: 10    XL:     2   Next: 79%
Magic:  5/5        EV:  2    Int: 15    God:
Gold:   50         SH:  6    Dex: 11    Spells: 1/5 levels left

rFire   . . .      SeeInvis .    a - +0 mace
rCold   . . .      Faith    .    l - +0 kite shield
rNeg    . . .      Spirit   .    (helmet currently unavailable)
rPois   +          Reflect  .    (no amulet)
rElec   .          Rampage  .    (no ring)
rCorr   .          NoTele   +    (no ring)
Will    .....                    (no ring)
Stlth   ++                       (no ring)
HPRegen 0.24/turn                (no ring)
MPRegen 0.09/turn                (no ring)
                                 (no ring)
                                 (no ring)

@: tree-form, attractive
A: stationary, stasis, torment immunity, boosted hp, almost no armour,
(amphibious), 8 rings, (camouflage 1), (gelatinous body 1), (nimble swimmer 1),
(tentacles)
a: no special abilities


You were on level 1 of the Dungeon.
You were a tree.
You visited 1 branch of the dungeon, and saw 2 of its levels.

You collected 50 gold pieces.

Inventory:

Hand Weapons
 a - a +0 mace (weapon)
Missiles
 c - 7 boomerangs of dispersal
 f - 17 stones (quivered)
 k - a throwing net
Armour
 l - a +0 kite shield (worn)
Scrolls
 b - a scroll of blinking
 e - 2 scrolls of enchant armour {unknown}
Potions
 i - a potion of mutation {unknown}
 j - a potion of heal wounds {unknown}
 m - a potion of brilliance {unknown}


   Skills:
 + Level 2.1 Fighting
 + Level 2.1 Maces & Flails
 + Level 1.2 Throwing
 + Level 2.5 Dodging
 * Level 1.8 Stealth
 * Level 0.0 Shields
 + Level 2.1 Spellcasting
 + Level 3.1 Translocations


You had one spell level left.
You knew the following spells:

 Your Spells              Type           Power      Damage    Failure   Level
a - Blink                 Tloc           20%        N/A       34%         2
b - Lesser Beckoning      Tloc           20%        N/A       34%         2

Your spell library contained the following spells:

 Spells                   Type           Power      Damage    Failure   Level
 Teleport Other           Tloc           10%        N/A       56%         3
 Vhi's Electric Charge    Tloc/Air       12%        N/A       78%         3
 Manifold Assault         Tloc           10%        N/A       92%         4


Dungeon Overview and Level Annotations

Branches:
Dungeon (2/15)

Altars:


Innate Abilities, Weirdness & Mutations

You are a tree.
Your roots penetrate the ground, keeping you stationary.
You cannot be teleported.
You are immune to unholy pain and torment.
Your maximum health is greatly increased.
You cannot wear most types of armour.
((You are amphibious.))
You can wear up to eight rings at the same time.
((Your skin changes colour to match your surroundings (Stealth+).))
((Your rubbery body absorbs attacks. (AC +1, EV +1)))
((You are camouflaged when in or above water. (Stealth+)))
((You have tentacles for arms and can constrict up to eight enemies at once.))


Message History

The bat escapes!
You block the kobold's attack.
You release your grip on the kobold.
The kobold attacks as you move away!
The kobold hits you with a +0 dagger of venom.
You are lethally poisoned!
You feel very sick. The bat hits you but does no damage. The bat hits you.
It was a potion of curing.
You feel better. You block the bat's attack.
You closely miss the kobold. Your grab misses the kobold.
The kobold is severely wounded.
You block the kobold's attack.
The kobold hits you with a +0 dagger of venom.
You are poisoned.
You hit the kobold.
You kill the kobold!
You feel very sick.
A bat comes into view.
The bat barely misses you.
An adder comes into view.
You feel sick. The bat attacks as you move away! The bat barely misses you.
You feel sick. The bat barely misses you. The bat closely misses you.
There is a stone staircase leading up here.
You feel sick. The bat barely misses you. The bat hits you.
* * * LOW HITPOINT WARNING * * *
You block the bat's attack.
You climb upwards.
* * * LOW HITPOINT WARNING * * *
You feel sick.
There is a stone staircase leading down here.
It was a potion of attraction.
You feel attractive to monsters.
* * * LOW HITPOINT WARNING * * *
You feel sick.
The bat barely misses you. x3; The bat is attracted toward you.
It was a potion of lignification.
You turn into a tree.
Your roots penetrate the ground.
* * * LOW HITPOINT WARNING * * *
You feel sick.
You are no longer poisoned.
The bat hits you but does no damage. The bat hits you.
You die...

#.# #...# ##..#... ##.#
#.### ####..... #..# #.#
##........ ##.## #.#
##...##.... #..# ###.#
##....##.... #.##
#...###...######## #.#
###.#...#######... #.#
####....####....... #.#
###b♣b...###...⌠..... #.#
##§..####.##........⌠.
#.###..####...#...........
#.......).#.#.#...⌠.......
##.....##.....#...........
#....#......#.##........⌠.
##.##.######....##...⌠.....
#......## #.#...###.......
######..####.#.#...##'##...


You could see 2 bats.

Vanquished Creatures
  2 bats (D:1)
  A giant cockroach (D:1)
  3 goblins (D:1)
  A hobgoblin (D:1)
  4 jackals (D:1)
  A quokka (D:1)
  A ball python (D:1)
  A frilled lizard (D:1)
  2 kobolds
16 creatures vanquished.

Notes
Turn   | Place    | Note
-------+----------+-------------------------------------------
     0 | D:1      | BlueFish the Octopode Warper began the quest for the Orb.
     0 | D:1      | Reached XP level 1. HP: 14/14 MP: 3/3
   158 | D:1      | Reached skill level 1 in Stealth
   159 | D:1      | Reached XP level 2. HP: 8/19 MP: 5/5
   170 | D:1      | Learned a level 2 spell: Blink
   173 | D:1      | Learned a level 2 spell: Lesser Beckoning
   630 | D:1      | HP: 1/28 [poisoned by a kobold]
   630 | D:1      | Slain by a bat

Illustrated notes

Levels and vault maps discovered:
D:1:      dpeg_arrival_water_temple_mockup, layout_rooms
D:2:      layout_loops_ring, shapermc_ecumenical_altar_mp_vishouse

Skill      XL: |  1 |
---------------+----+-----
Stealth        | 1 |  1.8
Fighting       | |  2.1
Maces & Flails | |  2.1
Throwing       | |  1.2
Dodging        | |  2.5
Spellcasting   | |  2.1
Translocations | |  3.1

Action                     || total
---------------------------++-------
  Melee: Mace              ||    42
         Constrict         ||    12
         Tentacles         ||     4
         Punch             ||     1
    Use: Potion            ||     3
   Stab: Sleeping          ||     1
 Armour: Skin              ||    12
  Dodge: Dodged            ||    41
  Block: Kite shield       ||     6

Table legend: (Time is in decaauts)
 A = Elapsed time spent in this place.
 B = Non-inter-level travel time spent in this place.
 C = Inter-level travel time spent in this place.
 D = Time resting spent in this place.
 E = Time spent auto-exploring this place.
 F = Levels seen in this place.
 G = Mean time per level.
                   A        B        C        D        E       F      G
               +--------+--------+--------+--------+--------+-----+--------+
         Total |    644 |    612 |     32 |      0 |    441 |   2 |  322.0 |
       Dungeon |    644 |    612 |     32 |      0 |    441 |   2 |  322.0 |
               +--------+--------+--------+--------+--------+-----+--------+

Top non-repeatable levels by time:
     D:1: 626 daAuts
     D:2: 17 daAuts
